[ AOE2 MATCH · #506369321 ]
UnrankedMapuche vs Maya
Player's team · LOSS
Rival team · WIN
[ REPLAY ANALYSIS · EXTRACTED FROM THE RECORDED GAME ]
Feudal
10:56
Castle
14:54
Imperial
—
| APM avg | 42.2 |
| APM peak | 72 |
| eAPM avg | 17.8 |
| Villagers / military | 52 / 49 |
Focus
⚔️ 39.8% · 🌾 60.2%
Kona ×43 · Petard ×3 · Monk ×1 · Mangonel ×1 · Scorpion ×1
Feudal
13:41
Castle
20:54
Imperial
—
| APM avg | 54.0 |
| APM peak | 94 |
| eAPM avg | 25.7 |
| Villagers / military | 87 / 122 |
Focus
⚔️ 53.9% · 🌾 46.1%
Archer ×83 · Spearman ×28 · Militia ×9 · Mangonel ×2
Match map
Initial resources + every placement click. Lines = walls · curves = elevation contours. ◆ gold · ⬟ stone · ● berries · ✦ relic · ◌ wall gap
Your base· Open — opponent sealed themselves in
LiyCoh's base· ✓ Closed at 20:54 · 40t walls · 2 gate(s)
Smoothed initial terrain · ◌ = detected wall gap · hover for details
Inputs per minute
— SaintedByArmor - - LiyCoh
Build order — SaintedByArmor
First 150 of 187 actions detected
| 0:00 | Create | Villager (Male) |
| 0:00 | Create | Villager (Male) |
| 0:01 | Build | House |
| 0:02 | Build | House |
| 0:24 | Create | Villager (Male) |
| 0:24 | Create | Villager (Male) |
| 1:23 | Create | Villager (Male) |
| 1:57 | Create | Villager (Male) |
| 2:23 | Create | Villager (Male) |
| 2:44 | Create | Villager (Male) |
| 2:50 | Build | Settlement |
| 3:11 | Create | Villager (Male) |
| 3:29 | Create | Villager (Male) |
| 3:44 | Create | Villager (Male) |
| 3:53 | Build | Palisade Wall |
| 3:58 | Build | Palisade Wall |
| 4:02 | Build | Palisade Wall |
| 4:05 | Build | Palisade Wall |
| 4:09 | Create | Villager (Male) |
| 4:23 | Create | Villager (Male) |
| 4:47 | Build | Palisade Wall |
| 4:48 | Build | Palisade Wall |
| 5:10 | Build | Palisade Wall |
| 5:21 | Build | Settlement |
| 5:25 | Create | Villager (Male) |
| 5:25 | Create | Villager (Male) |
| 5:47 | Create | Villager (Male) |
| 5:58 | Build | Palisade Wall |
| 5:58 | Build | Palisade Wall |
| 6:36 | Create | Villager (Male) |
| 6:36 | Create | Villager (Male) |
| 6:37 | Create | Villager (Male) |
| 6:47 | Build | Palisade Wall |
| 6:48 | Build | Palisade Wall |
| 6:56 | Build | Palisade Wall |
| 7:01 | Build | House |
| 7:07 | Build | Palisade Wall |
| 7:09 | Build | Palisade Wall |
| 7:11 | Build | Palisade Wall |
| 7:56 | Create | Villager (Male) |
| 7:56 | Research | Loom |
| 8:25 | Research | Feudal Age |
| 10:23 | Create | Villager (Male) |
| 10:23 | Create | Villager (Male) |
| 10:56 | Age | Feudal Age |
| 10:59 | Build | Blacksmith |
| 11:10 | Build | Market |
| 12:14 | Research | Castle Age |
| 12:14 | Research | Castle Age |
| 12:30 | Build | Settlement |
| 12:57 | Build | Palisade Wall |
| 12:59 | Build | Palisade Wall |
| 13:00 | Build | Palisade Wall |
| 13:08 | Build | Palisade Wall |
| 13:08 | Build | Palisade Wall |
| 13:09 | Build | Palisade Wall |
| 13:13 | Build | Palisade Wall |
| 13:15 | Build | Palisade Wall |
| 13:17 | Build | Palisade Wall |
| 14:04 | Build | Stone Wall |
| 14:04 | Build | Stone Wall |
| 14:05 | Build | Stone Wall |
| 14:06 | Build | Stone Wall |
| 14:28 | Create | Villager (Male) |
| 14:28 | Create | Villager (Male) |
| 14:46 | Build | Palisade Wall |
| 14:47 | Build | Palisade Wall |
| 14:48 | Build | Palisade Wall |
| 14:54 | Age | Castle Age |
| 14:55 | Build | Palisade Wall |
| 15:27 | Build | Castle |
| 15:46 | Build | Farm |
| 16:08 | Build | Farm |
| 16:11 | Build | Farm |
| 17:36 | Create | Villager (Male) |
| 17:56 | Build | Settlement |
| 18:26 | Build | Farm |
| 18:45 | Build | Farm |
| 18:47 | Create | Villager (Male) |
| 18:48 | Create | Kona |
| 19:10 | Build | Farm |
| 19:22 | Create | Kona |
| 19:24 | Create | Villager (Male) |
| 20:05 | Create | Villager (Male) |
| 20:06 | Create | Kona |
| 20:09 | Build | Farm |
| 20:43 | Build | Settlement |
| 20:44 | Create | Villager (Male) |
| 20:55 | Create | Kona |
| 21:19 | Create | Villager (Male) |
| 21:47 | Create | Villager (Male) |
| 22:24 | Create | Villager (Male) |
| 22:33 | Build | Market |
| 22:36 | Create | Villager (Male) |
| 22:41 | Create | Kona |
| 23:03 | Build | Farm |
| 23:05 | Create | Villager (Male) |
| 23:10 | Create | Kona |
| 23:10 | Create | Kona |
| 23:11 | Create | Kona |
| 23:29 | Create | Kona |
| 23:36 | Create | Villager (Male) |
| 23:47 | Create | Villager (Male) |
| 23:54 | Create | Petard |
| 23:54 | Create | Petard |
| 24:21 | Create | Kona |
| 24:27 | Build | Farm |
| 24:29 | Build | Farm |
| 24:35 | Create | Villager (Male) |
| 24:36 | Create | Kona |
| 24:56 | Create | Kona |
| 25:16 | Create | Villager (Male) |
| 25:20 | Build | Farm |
| 25:22 | Build | Farm |
| 25:42 | Create | Villager (Male) |
| 25:44 | Create | Villager (Male) |
| 25:45 | Create | Kona |
| 26:03 | Create | Kona |
| 26:20 | Build | Farm |
| 26:21 | Create | Villager (Male) |
| 26:38 | Create | Villager (Male) |
| 26:40 | Create | Kona |
| 26:49 | Create | Kona |
| 26:58 | Create | Villager (Male) |
| 27:00 | Build | Monastery |
| 27:03 | Build | Farm |
| 27:09 | Build | Farm |
| 27:14 | Create | Kona |
| 27:14 | Create | Kona |
| 27:16 | Build | House |
| 27:46 | Create | Kona |
| 27:47 | Create | Monk |
| 28:05 | Create | Villager (Male) |
| 28:41 | Create | Kona |
| 28:41 | Create | Kona |
| 29:07 | Create | Kona |
| 29:07 | Create | Kona |
| 29:08 | Create | Villager (Male) |
| 29:12 | Build | Siege Workshop |
| 29:25 | Create | Villager (Male) |
| 29:27 | Build | Farm |
| 29:42 | Create | Kona |
| 29:43 | Create | Kona |
| 29:51 | Create | Villager (Male) |
| 29:53 | Build | Farm |
| 30:18 | Create | Scorpion |
| 30:29 | Create | Kona |
| 30:36 | Create | Kona |
| 30:38 | Build | Farm |
| 30:39 | Build | Farm |
Build order — LiyCoh
First 150 of 319 actions detected
| 0:00 | Create | Villager (Male) |
| 0:00 | Create | Villager (Male) |
| 0:02 | Build | House |
| 0:03 | Research | Loom |
| 0:07 | Build | House |
| 0:18 | Create | Villager (Male) |
| 0:18 | Create | Villager (Male) |
| 0:28 | Create | Villager (Male) |
| 1:33 | Build | Lumber Camp |
| 1:40 | Create | Villager (Male) |
| 2:02 | Create | Villager (Male) |
| 2:36 | Create | Villager (Male) |
| 3:00 | Create | Villager (Male) |
| 3:20 | Create | Villager (Male) |
| 3:26 | Build | House |
| 3:42 | Create | Villager (Male) |
| 4:16 | Create | Villager (Male) |
| 4:16 | Create | Villager (Male) |
| 4:17 | Create | Villager (Male) |
| 4:35 | Build | Barracks |
| 4:45 | Create | Villager (Male) |
| 5:25 | Build | House |
| 5:28 | Build | House |
| 5:33 | Create | Villager (Male) |
| 5:35 | Create | Militia |
| 5:50 | Create | Villager (Male) |
| 5:54 | Create | Militia |
| 6:17 | Create | Villager (Male) |
| 6:27 | Create | Militia |
| 6:34 | Create | Villager (Male) |
| 6:39 | Build | Mill |
| 6:53 | Create | Militia |
| 7:13 | Create | Villager (Male) |
| 7:35 | Create | Militia |
| 7:55 | Create | Villager (Male) |
| 8:12 | Create | Villager (Male) |
| 8:13 | Create | Militia |
| 8:19 | Build | House |
| 8:20 | Build | House |
| 8:29 | Build | Mill |
| 8:37 | Create | Militia |
| 8:41 | Create | Villager (Male) |
| 8:57 | Build | House |
| 8:57 | Build | Palisade Wall |
| 9:04 | Create | Militia |
| 9:06 | Create | Villager (Male) |
| 9:21 | Create | Villager (Male) |
| 9:41 | Build | Farm |
| 9:58 | Build | Farm |
| 10:04 | Build | Palisade Wall |
| 10:06 | Create | Villager (Male) |
| 10:08 | Create | Militia |
| 10:22 | Build | Palisade Wall |
| 10:33 | Create | Villager (Male) |
| 10:52 | Build | Farm |
| 10:59 | Build | Palisade Wall |
| 11:02 | Create | Villager (Male) |
| 11:28 | Build | Farm |
| 11:31 | Research | Feudal Age |
| 11:40 | Build | Palisade Wall |
| 11:43 | Build | Palisade Wall |
| 11:44 | Build | Palisade Wall |
| 11:45 | Build | Palisade Wall |
| 11:45 | Build | Palisade Wall |
| 11:47 | Build | Palisade Wall |
| 11:48 | Build | Palisade Wall |
| 11:49 | Build | Palisade Wall |
| 11:49 | Build | Palisade Wall |
| 11:50 | Build | Palisade Wall |
| 11:51 | Build | Palisade Wall |
| 11:51 | Build | Palisade Wall |
| 12:00 | Build | Palisade Wall |
| 12:04 | Build | Mining Camp |
| 12:28 | Build | Palisade Wall |
| 13:04 | Build | Farm |
| 13:09 | Create | Villager (Male) |
| 13:37 | Build | House |
| 13:41 | Age | Feudal Age |
| 13:43 | Research | Man-at-Arms (upgrade) |
| 13:45 | Build | Archery Range |
| 13:50 | Create | Villager (Male) |
| 13:58 | Build | Blacksmith |
| 14:05 | Research | Arson |
| 14:05 | Research | Arson |
| 14:28 | Create | Villager (Male) |
| 14:32 | Build | House |
| 14:33 | Create | Archer |
| 14:33 | Create | Archer |
| 15:04 | Build | Palisade Gate |
| 15:12 | Create | Villager (Male) |
| 15:12 | Create | Villager (Male) |
| 15:18 | Build | Farm |
| 15:20 | Create | Archer |
| 15:39 | Create | Villager (Male) |
| 15:51 | Build | Palisade Gate |
| 15:57 | Create | Villager (Male) |
| 15:58 | Create | Archer |
| 16:20 | Build | Farm |
| 16:23 | Build | Farm |
| 16:24 | Build | Farm |
| 16:27 | Research | Horse Collar |
| 16:34 | Create | Villager (Male) |
| 16:34 | Create | Archer |
| 16:42 | Research | Forging |
| 17:08 | Create | Archer |
| 17:09 | Create | Villager (Male) |
| 17:12 | Build | Market |
| 17:13 | Build | House |
| 17:46 | Create | Villager (Male) |
| 18:08 | Build | Farm |
| 18:14 | Research | Castle Age |
| 18:15 | Research | Castle Age |
| 18:35 | Create | Archer |
| 18:35 | Create | Archer |
| 18:39 | Build | Archery Range |
| 18:51 | Research | Forging |
| 18:55 | Build | Lumber Camp |
| 19:07 | Create | Archer |
| 19:08 | Create | Archer |
| 19:15 | Build | House |
| 19:17 | Build | House |
| 19:29 | Create | Villager (Male) |
| 19:35 | Create | Archer |
| 19:51 | Create | Archer |
| 19:55 | Build | House |
| 19:56 | Create | Archer |
| 20:07 | Create | Villager (Male) |
| 20:21 | Build | Farm |
| 20:35 | Create | Archer |
| 20:35 | Create | Archer |
| 20:38 | Create | Villager (Male) |
| 20:40 | Build | Archery Range |
| 20:54 | Age | Castle Age |
| 20:55 | Create | Archer |
| 21:01 | Create | Archer |
| 21:01 | Create | Archer |
| 21:08 | Build | House |
| 21:14 | Build | House |
| 21:22 | Build | House |
| 21:32 | Create | Archer |
| 21:32 | Create | Archer |
| 21:44 | Build | House |
| 21:49 | Build | Farm |
| 21:50 | Create | Archer |
| 21:50 | Create | Archer |
| 21:53 | Research | Fletching |
| 21:58 | Build | House |
| 22:04 | Build | House |
| 22:04 | Build | House |
| 22:24 | Research | Crossbowman (upgrade) |
Match timeline
| 3:53 | SaintedByArmor · wall_segment Palisade Wall x1 |
| 3:58 | SaintedByArmor · wall_segment Palisade Wall x1 |
| 4:02 | SaintedByArmor · wall_segment Palisade Wall x8 |
| 4:05 | SaintedByArmor · wall_segment Palisade Wall x5 |
| 4:35 | LiyCoh · first_building Barracks |
| 4:47 | SaintedByArmor · wall_segment Palisade Wall x1 |
| 4:48 | SaintedByArmor · wall_segment Palisade Wall x1 |
| 5:10 | SaintedByArmor · wall_segment Palisade Wall x1 |
| 5:58 | SaintedByArmor · wall_segment Palisade Wall x1 |
| 5:58 | SaintedByArmor · wall_segment Palisade Wall x1 |
| 6:47 | SaintedByArmor · wall_segment Palisade Wall x1 |
| 6:48 | SaintedByArmor · wall_segment Palisade Wall x9 |
| 6:56 | SaintedByArmor · wall_segment Palisade Wall x1 |
| 7:07 | SaintedByArmor · wall_segment Palisade Wall x1 |
| 7:09 | SaintedByArmor · wall_segment Palisade Wall x1 |
| 7:11 | SaintedByArmor · wall_segment Palisade Wall x3 |
| 8:57 | LiyCoh · wall_segment Palisade Wall x1 |
| 10:04 | LiyCoh · wall_segment Palisade Wall x1 |
| 10:22 | LiyCoh · wall_segment Palisade Wall x5 |
| 10:56 | SaintedByArmor · age_up feudal |
| 10:59 | LiyCoh · wall_segment Palisade Wall x5 |
| 11:40 | LiyCoh · wall_segment Palisade Wall x1 |
| 11:43 | LiyCoh · wall_segment Palisade Wall x1 |
| 11:44 | LiyCoh · wall_segment Palisade Wall x1 |
| 11:45 | LiyCoh · wall_segment Palisade Wall x1 |
| 11:45 | LiyCoh · wall_segment Palisade Wall x1 |
| 11:47 | LiyCoh · wall_segment Palisade Wall x1 |
| 11:48 | LiyCoh · wall_segment Palisade Wall x1 |
| 11:49 | LiyCoh · wall_segment Palisade Wall x1 |
| 11:49 | LiyCoh · wall_segment Palisade Wall x1 |
| 11:50 | LiyCoh · wall_segment Palisade Wall x1 |
| 11:51 | LiyCoh · wall_segment Palisade Wall x1 |
| 11:51 | LiyCoh · wall_segment Palisade Wall x1 |
| 12:00 | LiyCoh · wall_segment Palisade Wall x9 |
| 12:02 | SaintedByArmor · first_market_sell 100 stone |
| 12:28 | LiyCoh · wall_segment Palisade Wall x7 |
| 12:57 | SaintedByArmor · wall_segment Palisade Wall x1 |
| 12:59 | SaintedByArmor · wall_segment Palisade Wall x1 |
| 13:00 | SaintedByArmor · wall_segment Palisade Wall x1 |
| 13:08 | SaintedByArmor · wall_segment Palisade Wall x1 |
| 13:08 | SaintedByArmor · wall_segment Palisade Wall x1 |
| 13:09 | SaintedByArmor · wall_segment Palisade Wall x1 |
| 13:13 | SaintedByArmor · wall_segment Palisade Wall x1 |
| 13:15 | SaintedByArmor · wall_segment Palisade Wall x1 |
| 13:17 | SaintedByArmor · wall_segment Palisade Wall x1 |
| 13:41 | LiyCoh · age_up feudal |
| 13:45 | LiyCoh · first_building Archery Range |
| 14:04 | SaintedByArmor · wall_segment Stone Wall x1 |
| 14:04 | SaintedByArmor · wall_segment Stone Wall x1 |
| 14:05 | SaintedByArmor · wall_segment Stone Wall x1 |
| 14:06 | SaintedByArmor · wall_segment Stone Wall x1 |
| 14:46 | SaintedByArmor · wall_segment Palisade Wall x1 |
| 14:47 | SaintedByArmor · wall_segment Palisade Wall x1 |
| 14:48 | SaintedByArmor · wall_segment Palisade Wall x1 |
| 14:54 | SaintedByArmor · age_up castle |
| 14:55 | SaintedByArmor · wall_segment Palisade Wall x1 |
| 15:27 | SaintedByArmor · first_building Castle |
| 18:14 | LiyCoh · first_market_sell 100 wood |
| 19:18 | SaintedByArmor · first_market_buy 100 food |
| 20:54 | LiyCoh · age_up castle |
| 22:35 | LiyCoh · first_market_buy 100 food |
| 22:54 | LiyCoh · wall_segment Palisade Wall x1 |
| 27:00 | SaintedByArmor · first_building Monastery |
| 29:03 | LiyCoh · wall_segment Palisade Wall x1 |
| 29:12 | SaintedByArmor · first_building Siege Workshop |
| 31:03 | LiyCoh · first_building Siege Workshop |
| 32:03 | LiyCoh · first_building Monastery |
| 34:40 | LiyCoh · wall_segment Palisade Wall x1 |
| 34:41 | LiyCoh · wall_segment Palisade Wall x1 |
| 34:54 | LiyCoh · wall_segment Palisade Wall x1 |
| 35:57 | SaintedByArmor · resign |
[ AI ANALYSIS · 1 CREDIT ]
What really happened in this match?
Wolo.gg analyzes every decision: build order, eco, micro, common mistakes by bracket. Personalized analysis on WhatsApp or Discord in 30 seconds.
Civ guide
Mapuche
Perfil
Jugador #13797156